TOP OF THE 1ST |
Birmingham Barons batting - Pitching for Jackson Generals : RHP Jake Underhill
|
Pitching: RHP Jake Underhill
|
|
Batting: RHB Adam Lambert
|
0-0: Swinging Strike 0-1: Ball 1-1: Fly out, F8 (Flyball, 8RS, EV 91.2 MPH)
|
Batting: SHB In-sung Lee
|
0-0: Ball 1-0: Fly out, F8 (Flyball, 8RD, EV 77.5 MPH)
|
Batting: LHB Dustin Taylor
|
0-0: Ball 1-0: Foul Ball, location: 2F 1-1: Swinging Strike 1-2: Ball 2-2: Foul Ball, location: 2F 2-2: Foul Ball, location: 2F 2-2: Foul Ball, location: 2F 2-2: Foul Ball, location: 2F 2-2: Fly out, F8 (Flyball, 8LD, EV 83.8 MPH)
|
Top of the 1st over - 0 runs, 0 hits, 0 errors, 0 left on base; Birmingham 0 - Jackson 0 |
BOTTOM OF THE 1ST |
Jackson Generals batting - Pitching for Birmingham Barons : RHP Oscar Munoz
|
Pitching: RHP Oscar Munoz
|
|
Batting: LHB Caleb Domino
|
0-0: Swinging Strike 0-1: Ball 1-1: Ball 2-1: Called Strike 2-2: Ball 3-2: Foul Ball, location: 2F 3-2: Strikes out swinging
|
Batting: LHB Tom Reynolds
|
0-0: Ball 1-0: Foul Ball, location: 2F 1-1: Ball 2-1: Foul Ball, location: 2F 2-2: Reached on error, E6 (Groundball, 6, EV 101.2 MPH)
|
Batting: RHB Tony Vargas
|
0-0: Called Strike 0-1: Ball 1-1: Ball 2-1: Ball 3-1: Base on Balls Tom Reynolds to second
|
Batting: LHB Jerrod Cluck
|
0-0: Called Strike 0-1: Fly out, F8 (Flyball, 78D, EV 101.9 MPH)
|
Batting: RHB Malik Brookshire
|
0-0: Ball 1-0: Swinging Strike 1-1: Ball 2-1: Fly out, F8 (Flyball, 8RS, EV 95.6 MPH)
|
Bottom of the 1st over - 0 runs, 0 hits, 1 error, 2 left on base; Birmingham 0 - Jackson 0 |
TOP OF THE 2ND |
Birmingham Barons batting - Pitching for Jackson Generals : RHP Jake Underhill
|
Batting: RHB Mike Warzecha
|
0-0: Called Strike 0-1: Ball 1-1: Fly out, F7 (Flyball, 7LS, EV 83.1 MPH)
|
Batting: LHB Alberto Carrasco
|
0-0: Fly out, F9 (Flyball, 9LS, EV 77.5 MPH)
|
Batting: RHB Paul Lloyd
|
0-0: SINGLE (Groundball, 6S, EV 70.6 MPH) (infield hit)
|
Batting: LHB Preston Knaak
|
0-0: Called Strike Paul Lloyd is caught stealing 2nd base 2-6
|
Top of the 2nd over - 0 runs, 1 hit, 0 errors, 0 left on base; Birmingham 0 - Jackson 0 |
BOTTOM OF THE 2ND |
Jackson Generals batting - Pitching for Birmingham Barons : RHP Oscar Munoz
|
Batting: LHB Dwain Ashford
|
0-0: Called Strike 0-1: Swinging Strike 0-2: Ball 1-2: Ground out 4-3 (Groundball, 34, EV 102.5 MPH)
|
Batting: RHB Harutomi Matsubara
|
0-0: Ball 1-0: Foul Ball, location: 2F 1-1: Ball 2-1: Foul Ball, location: 2F 2-2: Ball 3-2: Foul Ball, location: 2F 3-2: Ground out 6-3 (Groundball, 6, EV 89.4 MPH)
|
Batting: RHB Brad Robidas
|
0-0: Called Strike 0-1: Fly out, F4 (Line Drive, 4, EV 69.4 MPH)
|
Bottom of the 2nd over - 0 runs, 0 hits, 0 errors, 0 left on base; Birmingham 0 - Jackson 0 |
TOP OF THE 3RD |
Birmingham Barons batting - Pitching for Jackson Generals : RHP Jake Underhill
|
Batting: LHB Preston Knaak
|
0-0: Ball 1-0: Called Strike 1-1: Ball 2-1: Fly out, F9 (Flyball, 9S, EV 95.0 MPH)
|
Batting: RHB Jamie Ogilvie
|
0-0: Ball 1-0: Ball 2-0: Fly out, F8 (Flyball, 8RD, EV 90.6 MPH)
|
Batting: RHB Felix Torres
|
0-0: Called Strike 0-1: Ball 1-1: Called Strike 1-2: Foul Ball, location: 2F 1-2: Foul Ball, location: 2F 1-2: Fly out, F9 (Flyball, 9, EV 94.4 MPH)
|
Top of the 3rd over - 0 runs, 0 hits, 0 errors, 0 left on base; Birmingham 0 - Jackson 0 |
BOTTOM OF THE 3RD |
Jackson Generals batting - Pitching for Birmingham Barons : RHP Oscar Munoz
|
Batting: LHB Ignacio Bernal
|
0-0: Called Strike 0-1: Ball 1-1: Ground out 4-3 (Groundball, 4S, EV 67.5 MPH)
|
Batting: LHB Caleb Domino
|
0-0: Called Strike 0-1: Ball 1-1: Ball 2-1: Foul Ball, location: 2F 2-2: Ball 3-2: Base on Balls
|
Batting: LHB Tom Reynolds
|
0-0: Ball 1-0: Called Strike 1-1: Called Strike 1-2: Grounds into double play, 6-4-3 (Groundball, 6M, EV 108.1 MPH)
|
Bottom of the 3rd over - 0 runs, 0 hits, 0 errors, 0 left on base; Birmingham 0 - Jackson 0 |
TOP OF THE 4TH |
Birmingham Barons batting - Pitching for Jackson Generals : RHP Jake Underhill
|
Batting: RHB Adam Lambert
|
0-0: Ball 1-0: Ball 2-0: Foul Ball, location: 2F 2-1: Swinging Strike 2-2: Ground out 5-3 (Groundball, 5, EV 83.1 MPH)
|
Batting: SHB In-sung Lee
|
0-0: Ball 1-0: Fly out, F6 (Popup, 6, EV 78.8 MPH)
|
Batting: LHB Dustin Taylor
|
0-0: Foul Ball, location: 2F 0-1: Ball 1-1: Foul Ball, location: 2F 1-2: Ball 2-2: Strikes out swinging
|
Top of the 4th over - 0 runs, 0 hits, 0 errors, 0 left on base; Birmingham 0 - Jackson 0 |
BOTTOM OF THE 4TH |
Jackson Generals batting - Pitching for Birmingham Barons : RHP Oscar Munoz
|
Batting: RHB Tony Vargas
|
0-0: Ball 1-0: Called Strike 1-1: Called Strike 1-2: Foul Ball, location: 2F 1-2: Foul Ball, location: 2F 1-2: Ball 2-2: Ground out 5-3 (Groundball, 5, EV 79.4 MPH)
|
Batting: LHB Jerrod Cluck
|
0-0: Ball 1-0: Foul Ball, location: 2F 1-1: Swinging Strike 1-2: Ball 2-2: Strikes out swinging
|
Batting: RHB Malik Brookshire
|
0-0: Called Strike 0-1: Foul Ball, location: 2F 0-2: Ground out U3 (Groundball, 13, EV 86.2 MPH)
|
Bottom of the 4th over - 0 runs, 0 hits, 0 errors, 0 left on base; Birmingham 0 - Jackson 0 |
TOP OF THE 5TH |
Birmingham Barons batting - Pitching for Jackson Generals : RHP Jake Underhill
|
Batting: RHB Mike Warzecha
|
0-0: Called Strike 0-1: Foul Ball, location: 2F 0-2: Ball 1-2: Fly out, F8 (Flyball, 8RS, EV 92.5 MPH)
|
Batting: LHB Alberto Carrasco
|
0-0: Ball 1-0: Ball 2-0: Ball 3-0: Called Strike 3-1: Fly out, F4 (Flyball, 3D, EV 74.4 MPH)
|
Batting: RHB Paul Lloyd
|
0-0: Foul Ball, location: 2F 0-1: Called Strike 0-2: SOLO HOME RUN (Flyball, 7LD, EV 93.1 MPH), Distance : 350 ft
|
Batting: LHB Preston Knaak
|
0-0: Ball 1-0: Called Strike 1-1: Fly out, F8 (Line Drive, 8RM, EV 91.2 MPH)
|
Top of the 5th over - 1 run, 1 hit, 0 errors, 0 left on base; Birmingham 1 - Jackson 0 |
BOTTOM OF THE 5TH |
Jackson Generals batting - Pitching for Birmingham Barons : RHP Oscar Munoz
|
Batting: LHB Dwain Ashford
|
0-0: Ground out 3-1 (Groundball, 34, EV 103.8 MPH)
|
Batting: RHB Harutomi Matsubara
|
0-0: Ball 1-0: Swinging Strike 1-1: Ball 2-1: Ball 3-1: Fly out, F7 (Flyball, 7, EV 89.4 MPH)
|
Batting: RHB Brad Robidas
|
0-0: Bunted foul 0-1: Ball 1-1: Reached via error on a dropped throw from SS, E3 (Groundball, 6, EV 101.9 MPH)
|
Batting: LHB Ignacio Bernal
|
0-0: Ball 1-0: Foul Ball, location: 2F 1-1: Ball 2-1: Called Strike 2-2: Fielders Choice at 2nd, 5-4 (Groundball, 5, EV 82.5 MPH)
|
Bottom of the 5th over - 0 runs, 0 hits, 1 error, 1 left on base; Birmingham 1 - Jackson 0 |
TOP OF THE 6TH |
Birmingham Barons batting - Pitching for Jackson Generals : RHP Jake Underhill
|
Batting: RHB Jamie Ogilvie
|
0-0: Foul Ball, location: 2F 0-1: Ball 1-1: Foul Ball, location: 2F 1-2: SINGLE (Line Drive, 5D, EV 95.6 MPH)
|
Batting: RHB Felix Torres
|
0-0: Swinging Strike 0-1: Ball Jamie Ogilvie steals 2nd base 1-1: Ball 2-1: Called Strike 2-2: Strikes out swinging
|
Batting: RHB Adam Lambert
|
0-0: Ball 1-0: Ground out 5-3 (Groundball, 56, EV 102.5 MPH)
|
Batting: SHB In-sung Lee
|
0-0: Called Strike 0-1: Ball 1-1: Ball 2-1: SINGLE (Groundball, 34S, EV 65.6 MPH) (infield hit) Jamie Ogilvie to third
|
Batting: LHB Dustin Taylor
|
0-0: Ball In-sung Lee is caught stealing 2nd base 2-6
|
Top of the 6th over - 0 runs, 2 hits, 0 errors, 1 left on base; Birmingham 1 - Jackson 0 |
BOTTOM OF THE 6TH |
Jackson Generals batting - Pitching for Birmingham Barons : RHP Oscar Munoz
|
Batting: LHB Caleb Domino
|
0-0: Ball 1-0: Foul Ball, location: 2F 1-1: Ball 2-1: Swinging Strike 2-2: Strikes out swinging
|
Batting: LHB Tom Reynolds
|
0-0: Called Strike 0-1: Ball 1-1: Ball 2-1: Called Strike 2-2: Ball 3-2: SINGLE (Groundball, 5D, EV 106.2 MPH)
|
Batting: RHB Tony Vargas
|
0-0: Fly out, F9 (Line Drive, 9, EV 104.4 MPH)
|
Batting: LHB Jerrod Cluck
|
0-0: SINGLE (Line Drive, 89S, EV 96.9 MPH) Tom Reynolds to second Runner from 2nd tries for 3rd, SAFE, throw by CF made to third
|
Batting: RHB Malik Brookshire
|
0-0: Called Strike 0-1: Foul Ball, location: 2F 0-2: Ball 1-2: Fly out, F9 (Line Drive, 9, EV 101.9 MPH)
|
Bottom of the 6th over - 0 runs, 2 hits, 0 errors, 2 left on base; Birmingham 1 - Jackson 0 |
TOP OF THE 7TH |
Birmingham Barons batting - Pitching for Jackson Generals : RHP Jake Underhill
|
Batting: LHB Dustin Taylor
|
0-0: Ball 1-0: Ball 2-0: Called Strike 2-1: Fly out, F8 (Flyball, 78D, EV 92.5 MPH)
|
Batting: RHB Mike Warzecha
|
0-0: Ball 1-0: Fly out, F6 (Popup, 6, EV 75.0 MPH)
|
Batting: LHB Alberto Carrasco
|
0-0: Ball 1-0: Ball 2-0: Ball 3-0: Base on Balls
|
Batting: RHB Paul Lloyd
|
0-0: Called Strike 0-1: Ball 1-1: Ball Alberto Carrasco is caught stealing 2nd base 2-4
|
Top of the 7th over - 0 runs, 0 hits, 0 errors, 0 left on base; Birmingham 1 - Jackson 0 |
BOTTOM OF THE 7TH |
Jackson Generals batting - Pitching for Birmingham Barons : RHP Oscar Munoz
|
Pitching: RHP Tony Contreras
|
|
Batting: LHB Dwain Ashford
|
0-0: SINGLE (Groundball, 34D, EV 102.5 MPH)
|
Batting: RHB Harutomi Matsubara
|
0-0: Bunted foul 0-1: Ball 1-1: Bunted foul 1-2: Ball 2-2: Ball 3-2: Base on Balls Dwain Ashford to second
|
Batting: RHB Brad Robidas
|
0-0: Sac Bunt to 23 - play at first, batter OUT! 3-4 Dwain Ashford to third Harutomi Matsubara to second
|
Batting: LHB Ignacio Bernal
|
0-0: Ball 1-0: Called Strike 1-1: Ball 2-1: Ball 3-1: DOUBLE (Line Drive, 89XD, EV 97.5 MPH) Dwain Ashford scores Harutomi Matsubara scores
|
Batting: LHB Caleb Domino
|
0-0: Called Strike 0-1: Ball 1-1: Swinging Strike 1-2: Strikes out swinging
|
Batting: LHB Tom Reynolds
|
0-0: Ground out 5-3 (Groundball, 5, EV 103.1 MPH)
|
Bottom of the 7th over - 2 runs, 2 hits, 0 errors, 1 left on base; Birmingham 1 - Jackson 2 |
TOP OF THE 8TH |
Birmingham Barons batting - Pitching for Jackson Generals : RHP Jake Underhill
|
Batting: RHB Paul Lloyd
|
0-0: Ball 1-0: Ball 2-0: Ball 3-0: Called Strike 3-1: Foul Ball, location: 2F 3-2: Base on Balls
|
Pitching: LHP Steve Cruz
|
|
Pinch Hitting: RHB Hector Padilla
|
0-0: Bunted foul 0-1: Bunted foul 0-2: Ball 1-2: Fielders Choice at 2nd, 6-4 (Groundball, 6, EV 88.8 MPH)
|
Pitching: RHP Victor Cervantes
|
|
Batting: RHB Jamie Ogilvie
|
0-0: Ball 1-0: Foul Ball, location: 2F 1-1: Foul Ball, location: 2F 1-2: Strikes out swinging
|
Batting: RHB Felix Torres
|
0-0: Called Strike 0-1: SINGLE (Groundball, 6D, EV 100.6 MPH) Hector Padilla to second
|
Pinch Hitting: LHB Wes Goscinski
|
0-0: Foul Ball, location: 2F 0-1: Swinging Strike 0-2: Ball 1-2: Strikes out swinging
|
Top of the 8th over - 0 runs, 1 hit, 0 errors, 2 left on base; Birmingham 1 - Jackson 2 |
BOTTOM OF THE 8TH |
Jackson Generals batting - Pitching for Birmingham Barons : RHP Tony Contreras
|
Now at C: Alex Harvey
|
|
Now in RF: Chris Redding
|
|
Batting: RHB Tony Vargas
|
0-0: Ball 1-0: Ball 2-0: Ball 3-0: Base on Balls
|
Batting: LHB Jerrod Cluck
|
0-0: 2-RUN HOME RUN (Flyball, 9LD, EV 95.0 MPH), Distance : 345 ft
|
Pitching: RHP Mario Zarate
|
|
Batting: RHB Malik Brookshire
|
0-0: Ball 1-0: Swinging Strike 1-1: Foul Ball, location: 2F 1-2: Strikes out swinging
|
Batting: LHB Dwain Ashford
|
0-0: Ball 1-0: Ball 2-0: Swinging Strike 2-1: DOUBLE (Groundball, 3L, EV 100.6 MPH)
|
Batting: RHB Harutomi Matsubara
|
0-0: Reached via error on a dropped throw from 1B, E1 (Groundball, 34, EV 78.8 MPH) Dwain Ashford to third
|
Batting: RHB Brad Robidas
|
0-0: Called Strike 0-1: Ball Harutomi Matsubara steals 2nd, throwing error, E2 Dwain Ashford scores Harutomi Matsubara to third 1-1: Fly out, F8 (Flyball, 8LXD, EV 86.2 MPH) Runner from 3rd tags up, SCORES, no throw by CF
|
Batting: LHB Ignacio Bernal
|
0-0: Ball 1-0: Ground out 6-3 (Groundball, 6, EV 83.8 MPH)
|
Bottom of the 8th over - 4 runs, 2 hits, 2 errors, 0 left on base; Birmingham 1 - Jackson 6 |
TOP OF THE 9TH |
Birmingham Barons batting - Pitching for Jackson Generals : RHP Victor Cervantes
|
Batting: SHB In-sung Lee
|
0-0: Fly out, F6 (Flyball, 56D, EV 81.9 MPH)
|
Batting: LHB Dustin Taylor
|
0-0: Ball 1-0: Foul Ball, location: 2F 1-1: Ball 2-1: Ball 3-1: Called Strike 3-2: Foul Ball, location: 2F 3-2: Strikes out swinging
|
Batting: RHB Mike Warzecha
|
0-0: Ball 1-0: Fly out, F9 (Line Drive, 9D, EV 103.1 MPH)
|
Top of the 9th over - 0 runs, 0 hits, 0 errors, 0 left on base; Birmingham 1 - Jackson 6 |
|